 Dungeon Crawl Stone Soup version 0.30-a0-341-g682706514a (webtiles) character file.

Game seed: 16222962193872518976

5666 quinnr the Frost Mage (level 10, 0/96 HPs)
             Began as a Naga Ice Elementalist on Nov 3, 2022.
             Was a Priest of Cheibriados.
             Hit by a large rock thrown by a cyclops (33 damage)
             ... on level 9 of the Dungeon.
             The game lasted 00:29:54 (12489 turns).

quinnr the Frost Mage (Naga Ice Elementalist)      Turns: 12489, Time: 00:29:55

Health: 0/96       AC:  9    Str: 18    XL:     10   Next: 75%
Magic:  4/16       EV: 12    Int: 35    God:    Cheibriados [***...]
Gold:   321        SH:  0    Dex: 19    Spells: 7/17 levels left

rFire   . . .      SeeInvis +    b - staff of cold {!a}
rCold   + + .      Faith    .    (no shield)
rNeg    . . .      Spirit   .    a - +0 robe
rPois   +          Reflect  .    H - +2 helmet {Int+3}
rElec   .          Harm     .    K - +0 cloak
rCorr   .          Rampage  .    J - +0 pair of gloves
Will    +....                    (no barding)
Stlth   +++.......               (no amulet)
HPRegen 0.36/turn                Z - ring of wizardry
MPRegen 0.15/turn                I - +6 ring of intelligence

@: very slow
A: AC +3, large, see invisible, deformed body, poison resistance, slowness 2,
spit poison 1, naga tail 1, cold resistance 1
a: Spit Poison, Renounce Religion, Bend Time, Temporal Distortion


You were on level 9 of the Dungeon.
You worshipped Cheibriados.
Cheibriados was most pleased with you.
You visited 2 branches of the dungeon, and saw 10 of its levels.
You also visited: Sewer.

You collected 573 gold pieces.
You spent 252 gold pieces at shops.


Innate Abilities, Weirdness & Mutations

Your serpentine skin is tough. (AC +3)
You have supernaturally acute eyesight. (SInv)
Armour fits poorly on your strangely shaped body.
Your system is resistant to poisons. (rPois)
You cover ground very slowly.
You can spit poison.
You have a snake-like lower body.
Your flesh is cold resistant. (rC+)


   Skills:
 + Level 7.7 Fighting
 - Level 4.0 Dodging
 - Level 3.0 Stealth
 - Level 4.0 Spellcasting
 - Level 4.0 Hexes
 - Level 3.0 Summonings
 + Level 11.8 Ice Magic


You had 7 spell levels left.
You knew the following spells:

 Your Spells              Type           Power      Damage    Failure   Level
b - Summon Ice Beast      Ice/Summ       73%        N/A       1%          4
e - Ensorcelled Hibernat  Hex/Ice        100%       N/A       1%          2
f - Freeze                Ice            100%       1d10      1%          1
r - Frozen Ramparts       Ice            100%       1d16      1%          3

Your spell library contained the following spells:

 Spells                   Type           Power      Damage    Failure   Level
 Summon Small Mammal      Summ           100%       N/A       1%          1
 Call Canine Familiar     Summ           28%        N/A       1%          3
 Ozocubu's Armour         Ice            94%        N/A       1%          3
 Summon Guardian Golem    Hex/Summ       31%        N/A       1%          3
 Tukima's Dance           Hex            35%        N/A       1%          3
 Passwall                 Tmut/Erth      5%         N/A       2%          2
 Portal Projectile        Hex/Tloc       42%        N/A       2%          3
 Swiftness                Air            7%         N/A       6%          3
 Blade Hands              Tmut           3%         N/A       43%         5

Inventory:

Hand Weapons
 e - a +0 dagger
 j - a +0 dagger of venom
 t - a +2 dagger of draining
 y - a +2 dagger of electrocution
Missiles
 A - 11 boomerangs
Armour
 a - a +0 robe (worn)
 k - a +2 kite shield
 B - a +0 helmet
 H - a +2 helmet of intelligence (worn)
 J - a +0 pair of gloves (worn)
 K - a +0 cloak (worn)
Magical Staves
 b - a staff of cold (weapon) {!a}
Jewellery
 D - a +6 ring of dexterity
 I - a +6 ring of intelligence (right hand)
 L - an amulet of guardian spirit
 Z - a ring of wizardry (left hand)
Wands
 s - a wand of light (1)
Scrolls
 c - 3 scrolls of vulnerability {unknown}
 d - a scroll of magic mapping {unknown}
 f - a scroll of summoning
 h - a scroll of blinking
 l - 3 scrolls of immolation {unknown}
 n - a scroll of brand weapon
 p - a scroll of fog {unknown}
 q - 2 scrolls of noise {unknown}
 v - 6 scrolls of teleportation {unknown}
 z - 4 scrolls of poison {unknown}
 C - a scroll of enchant weapon {unknown}
 E - a scroll of silence {unknown}
 F - a scroll of fear {unknown}
Potions
 g - 4 potions of curing {@q1}
 i - 2 potions of haste {@q3}
 m - 2 potions of berserk rage {!q}
 o - 2 potions of attraction
 r - 3 potions of resistance
 u - 2 potions of degeneration
 w - a potion of cancellation {unknown}
 x - 3 potions of invisibility {unknown}
 G - a potion of heal wounds {unknown}
 M - a potion of might {unknown}

Dungeon Overview and Level Annotations

Branches:
Dungeon (9/15)             Temple (1/1) D:4            Lair (0/5) D:9
    Orc (0/2) D:9           Sewer (visited)

Altars:
Ashenzari
Cheibriados
Dithmenos
Elyvilon
Fedhas
Gozag
Hepliaklqana
Kikubaaqudgha
Makhleb
Nemelex Xobeh
Okawaru
Qazlal
Ru
Sif Muna
Trog
Uskayaw
Vehumet
Xom
Yredelemnul
Zin
The Shining One

Shops:
D:1 !

Annotations:
D:1 firevault

#..............#
##.....
###.........).##
#.....
##........#)#
####..
##########.# ###
#.## #..# #..###
##....####
##.@##....####
##..######....####
... ##Y.##
####....###


oC. ##.)## ###..>.## V.. ##..## ####... ... ##..## ###. ... ##C.## ##. ...
###..## #.. o..###....# #.. You could see a cyclops (ally target) and a friendly
ice beast (summoned).


Message History

The vampire is healed by the life force!
Unknown command.
Aiming: Bolt of Light
Press: ? - help, Shift-Dir - straight line, f/p - vampire
Aim: a vampire (moderately damaged, slightly transparent, 71% to hit)
The bolt of light hits the vampire.
The vampire is moderately damaged.
The vampire is blinded.
The vampire resists.
The wall freezes the vampire.
Unknown command.
Aiming: Bolt of Light
Press: ? - help, Shift-Dir - straight line, f/p - vampire
Aim: a vampire (moderately damaged, wandering, slightly transparent, blind, hasn't noticed you, 71% to hit)
The bolt of light hits the vampire.
The vampire is heavily damaged.
The vampire resists.
The wall freezes the vampire.
Aiming: Bolt of Light
Press: ? - help, Shift-Dir - straight line, f/p - vampire
Aim: a vampire (heavily damaged, slightly transparent, blind, 71% to hit)
The bolt of light hits the vampire!
The vampire is almost destroyed.
The vampire resists.
The wall freezes the vampire.
You destroy the vampire!
Cheibriados appreciates the change of pace.
Unknown command.
Unknown command.
Your frozen ramparts will break if you move.
Continue?
The frozen ramparts melt away as you move.
The cyclops throws a large rock.
The large rock hits your ice beast!!
The cyclops throws a large rock.
The large rock hits you!!
You die...

Skill      XL: |  1  2  3  4  5  6  7  8  9 10 |
---------------+-------------------------------+-----
Ice Magic      | 5 6 7 9 10 11 | 11.8
Fighting       | 1 2 3 6 7 |  7.7
Summonings     | 2 3 |  3.0
Spellcasting   | 3 4 |  4.0
Dodging        | 2 4 |  4.0
Hexes          | 4 |  4.0
Stealth        | |  3.0

Action                   |  1- 3 |  4- 6 |  7- 9 | 10-12 || total
-------------------------+-------+-------+-------+-------++-------
Melee: Dagger            |     7 |    35 |    47 |    10 ||    99
       Punch             |       |       |       |     1 ||     1
 Cast: Freeze            |    44 |    63 |    48 |    30 ||   185
       Frozen Ramparts   |     5 |    33 |    52 |     9 ||    99
       Ensorcelled Hiber |       |     3 |    14 |       ||    17
       Summon Ice Beast  |       |     2 |    10 |     6 ||    18
 Abil: Spit Poison       |       |       |       |     1 ||     1
Evoke: Wand              |       |       |     2 |     3 ||     5
  Use: Scroll            |       |     5 |     2 |     2 ||     9
       Potion            |       |       |     1 |     6 ||     7
 Stab: Sleeping          |       |     2 |     3 |       ||     5
       Distracted        |       |       |     1 |       ||     1
Armor: Robe              |     4 |    15 |    65 |     9 ||    93
       Skin              |       |       |     1 |       ||     1
Dodge: Dodged            |    17 |    51 |   100 |    32 ||   200

Levels and vault maps discovered:
D:1:      dpeg_arrival_fog, layout_loops_corners, serial_shops,
          nicolae_shop_crystal, lemuel_flame_loot_1
D:2:      layout_rooms, st_stairs_7
D:3:      layout_basic, tso_metal_star, uniq_terence, uniq_jessica
D:4:      layout_loops_ring, amethyst_overflow_temple_binary,
          minmay_temple_entry_gardened_gates, portal_sewer_entry_a
D:5:      layout_rooms, trog_antimagical, chequers_serial_rivers_room_b,
          nicolae_grassy_gnolls
D:6:      layout_loops_cross, nicolae_gozag_cash_rules_everything_around_me,
          columned_hall_lemuel
D:7:      layout_loops_ring, uniq_menkaure
D:8:      layout_basic, minmay_mini_ossuary
D:9:      layout_cave_pods, lair_entry_dummy, david_orc_3,
          chequers_serial_rivers_small_a
Temple:   eino_temple_rhombus

Notes
Turn   | Place    | Note
-------+----------+-------------------------------------------
     0 | D:1      | quinnr the Naga Ice Elementalist began the quest for the
                  | Orb.
     0 | D:1      | Reached XP level 1. HP: 15/15 MP: 3/3
    32 | D:1      | Found Qaxisyo's Distillery.
   364 | D:1      | Reached XP level 2. HP: 22/22 MP: 3/5
  1462 | D:2      | Reached XP level 3. HP: 27/28 MP: 3/6
  1542 | D:2      | Reached skill level 5 in Ice Magic
  1581 | D:2      | Learned a level 3 spell: Frozen Ramparts
  1969 | D:2      | Reached XP level 4. HP: 32/36 MP: 0/7
  2281 | D:3      | Noticed Terence
  2290 | D:3      | Killed Terence
  2678 | D:3      | Noticed Jessica
  2683 | D:3      | Killed Jessica
  2684 | D:3      | Reached skill level 1 in Fighting
  2684 | D:3      | Reached skill level 6 in Ice Magic
  2684 | D:3      | Reached XP level 5. HP: 23/44 MP: 3/8
  3499 | D:3      | Found a glowing golden altar of the Shining One.
  3740 | D:3      | Learned a level 4 spell: Summon Ice Beast
  3817 | D:4      | Found a glowing drain.
  3884 | Sewer    | Entered a sewer
  3965 | Sewer    | Reached XP level 6. HP: 42/51 MP: 5/10
  4007 | Sewer    | Learned a level 2 spell: Ensorcelled Hibernation
  4302 | Sewer    | Reached skill level 1 in Summonings
  4389 | Sewer    | Reached skill level 2 in Fighting
  5032 | D:4      | Reached skill level 3 in Spellcasting
  5288 | D:4      | You fall into a shaft and drop 3 floors!
  5352 | D:7      | Reached skill level 2 in Summonings
  5352 | D:7      | Reached skill level 7 in Ice Magic
  5352 | D:7      | Reached XP level 7. HP: 60/60 MP: 11/11
  5869 | D:5      | Entered Level 5 of the Dungeon
  6012 | D:5      | Reached skill level 3 in Summonings
  6021 | D:5      | Reached XP level 8. HP: 64/67 MP: 7/13
  6023 | D:5      | Reached skill level 4 in Spellcasting
  6023 | D:5      | Reached skill level 8 in Ice Magic
  6186 | D:6      | Reached skill level 9 in Ice Magic
  6209 | D:6      | Reached skill level 2 in Dodging
  6300 | D:6      | Found an opulent altar of Gozag.
  6605 | D:6      | Reached skill level 3 in Fighting
  7335 | D:4      | Reached XP level 9. HP: 72/76 MP: 9/15
  7347 | D:4      | Reached skill level 3 in Dodging
  7482 | D:4      | Found a staircase to the Ecumenical Temple.
  7498 | Temple   | Entered the Ecumenical Temple
  7631 | Temple   | Became a worshipper of Cheibriados the Contemplative
  7993 | D:4      | Reached skill level 1 in Hexes
  8046 | D:4      | Found a hazy altar of Hepliaklqana.
  8046 | D:4      | Found a hide-covered altar of Uskayaw.
  8219 | D:4      | Reached * piety under Cheibriados
  8419 | D:5      | Found a bloodstained altar of Trog.
  8456 | D:5      | Reached skill level 4 in Fighting
  8644 | D:5      | Reached skill level 2 in Hexes
  8975 | D:5      | Identified 2 potions of resistance
  9224 | D:7      | Noticed a hornet
  9234 | D:7      | Killed a hornet
  9450 | D:7      | Reached skill level 10 in Ice Magic
  9452 | D:7      | Reached ** piety under Cheibriados
  9633 | D:7      | Noticed Menkaure
  9638 | D:7      | Killed Menkaure
  9639 | D:7      | Reached skill level 4 in Dodging
  9639 | D:7      | Reached skill level 3 in Hexes
  9900 | D:8      | Reached skill level 5 in Fighting
 10231 | D:8      | Noticed a two-headed ogre
 10247 | D:8      | Killed a two-headed ogre
 10248 | D:8      | Reached skill level 6 in Fighting
 10248 | D:8      | Reached skill level 4 in Hexes
 10248 | D:8      | Reached XP level 10. HP: 29/91 MP: 2/16
 11136 | D:9      | Reached skill level 11 in Ice Magic
 11151 | D:9      | HP: 5/92 [yak (8)]
 11154 | D:9      | Gained mutation: Your muscles are strong. (Str +4, Int/Dex
                  | -1) [potion of mutation]
 11154 | D:9      | Gained mutation: You have an increased reservoir of magic.
                  | (+10% MP) [potion of mutation]
 11154 | D:9      | Gained mutation: You occasionally shout uncontrollably at
                  | your foes. [potion of mutation]
 11154 | D:9      | Gained mutation: You passively map a small area around you.
                  | [potion of mutation]
 11155 | D:9      | Reached skill level 7 in Fighting
 11156 | D:9      | HP: 1/94 [warg (13)]
 11157 | D:9      | Reached *** piety under Cheibriados
 11447 | D:9      | Lost mutation: You passively map a small area around you.
                  | [potion of mutation]
 11447 | D:9      | Lost mutation: You have an increased reservoir of magic.
                  | (+10% MP) [potion of mutation]
 11447 | D:9      | Lost mutation: Your muscles are strong. (Str +4, Int/Dex
                  | -1) [potion of mutation]
 11447 | D:9      | Gained mutation: You are clumsy. (Dex -2) [potion of
                  | mutation]
 11447 | D:9      | Gained mutation: Potions are less effective at restoring
                  | your health. [potion of mutation]
 11447 | D:9      | Lost mutation: You are clumsy. (Dex -2) [potion of
                  | mutation]
 11448 | D:9      | Lost mutation: Potions are less effective at restoring your
                  | health. [potion of mutation]
 11448 | D:9      | Lost mutation: You occasionally shout uncontrollably at
                  | your foes. [potion of mutation]
 11448 | D:9      | Gained mutation: Your spells are a little easier to cast,
                  | but a little less powerful. [potion of mutation]
 11448 | D:9      | Gained mutation: Your magical capacity is low. (-10% MP)
                  | [potion of mutation]
 11742 | D:1      | Bought a potion of mutation for 96 gold pieces
 11742 | D:1      | Lost mutation: Your magical capacity is low. (-10% MP)
                  | [potion of mutation]
 11742 | D:1      | Lost mutation: Your spells are a little easier to cast, but
                  | a little less powerful. [potion of mutation]
 11742 | D:1      | Gained mutation: Your flesh is cold resistant. (rC+)
                  | [potion of mutation]
 11743 | D:1      | Bought a potion of curing for 36 gold pieces
 11743 | D:1      | Bought a potion of resistance for 120 gold pieces
 11979 | D:9      | Found a staircase to the Orcish Mines.
 12042 | D:9      | Found a staircase to the Lair.
 12465 | D:9      | Noticed a cyclops
 12489 | D:9      | Hit by a large rock thrown by a cyclops

Vanquished Creatures
  A two-headed ogre (D:8)
  2 hornets
  4 yaks (D:9)
  A wraith (D:8)
  A vampire (D:9)
  A warg (D:9)
  Menkaure (D:7)
  2 orc warriors (D:9)
  An ice beast (D:7)
  A black bear (D:5)
  An ogre (D:6)
  2 centaurs
  A phantom (D:5)
  A bullfrog (D:7)
  A kobold brigand (D:7)
  A necrophage (D:6)
  5 scorpions
  2 gnoll sergeants (D:5)
  10 killer bees
  2 howler monkeys
  2 hounds
  2 jellies
  3 orc priests
  Terence (D:3)
  Jessica (D:3)
  7 iguanas
  9 orc wizards
  A mummy (D:8)
  13 adders
  9 gnolls
  10 river rats
  An ufetubus (D:6)
  4 worms
  A dart slug (D:1)
  31 orcs
  11 ball pythons
  6 bats
  6 endoplasms
  4 giant cockroaches
  11 goblins
  9 hobgoblins
  4 jackals
  3 quokkas
  5 frilled lizards
  25 kobolds
  2 kobold zombies (D:8)
  2 orc zombies (D:8)
  17 rats
241 creatures vanquished.

Vanquished Creatures (collateral kills)
  A yak (D:9)
  A warg (D:9)
  A black bear (D:6)
  An ogre (D:5)
  A kobold brigand (D:7)
  A killer bee (D:9)
  An orc priest (D:9)
  An orc wizard (D:9)
  4 orcs
  3 kobolds
15 creatures vanquished.

Vanquished Creatures (others)
  A jackal (D:1)
  21 plants (D:5)
22 creatures vanquished.

Grand Total: 278 creatures vanquished

Table legend: (Time is in decaauts)
 A = Elapsed time spent in this place.
 B = Non-inter-level travel time spent in this place.
 C = Inter-level travel time spent in this place.
 D = Time resting spent in this place.
 E = Time spent auto-exploring this place.
 F = Levels seen in this place.
 G = Mean time per level.
                   A        B        C        D        E       F      G
               +--------+--------+--------+--------+--------+-----+--------+
         Total |  17206 |  15814 |   1392 |   1082 |  12444 |  11 | 1564.2 |
       Dungeon |  15761 |  14397 |   1364 |   1039 |  11408 |   9 | 1751.2 |
        Temple |    214 |    187 |     27 |      0 |    168 |   1 |  214.0 |
         Sewer |   1230 |   1230 |      0 |     43 |    868 |   1 | 1230.0 |
               +--------+--------+--------+--------+--------+-----+--------+

Top non-repeatable levels by time:
     D:8: 2510 daAuts
     D:3: 2023 daAuts
     D:4: 1941 daAuts
     D:7: 1844 daAuts
     D:1: 1819 daAuts
     D:6: 1692 daAuts
     D:9: 1510 daAuts
     D:5: 1415 daAuts
   Sewer: 1230 daAuts
     D:2: 1004 daAuts
  Temple: 214 daAuts

Table legend:
 A = Non-vault XP
 B = Vault XP
 C = Vault XP percentage of total XP
 D = Non-vault monster count
 E = Vault monster count
 F = Vault count percentage of total count
                 A         B        C        D         E       F
            +---------+---------+-------+---------+---------+-------
      Total |    6841 |    1254 |  15.5 |     179 |      77 |  30.1
            +---------+---------+-------+---------+---------+-------
        D:1 |      29 |       0 |   0.0 |      15 |       0 |   0.0
        D:2 |      66 |       2 |   2.9 |      18 |       1 |   5.3
        D:3 |      80 |      75 |  48.4 |      18 |       2 |  10.0
        D:4 |     464 |      26 |   5.3 |      38 |       6 |  13.6
        D:5 |     763 |     236 |  23.6 |      19 |       9 |  32.1
        D:6 |     852 |      13 |   1.5 |      21 |       1 |   4.5
        D:7 |     937 |     169 |  15.3 |      19 |       1 |   5.0
        D:8 |    1492 |      22 |   1.5 |      12 |       5 |  29.4
        D:9 |    2158 |     521 |  19.4 |      19 |       8 |  29.6
      Sewer |       0 |     190 | 100.0 |       0 |      44 | 100.0
            +---------+---------+-------+---------+---------+-------
